 Dungeon Crawl Stone Soup version 0.29.0-13-gc9e81de378 (webtiles) character file.

Game seed: 18017850930553528616

9814 ketsa the Severer (level 11, -11/99 HPs)
             Began as a Minotaur Berserker on Sept 9, 2022.
             Was a Priest of Trog.
             Mangled by an ogre
             ... wielding a +0 giant spiked club
             ... led by Lodul
              (21 damage)
             ... on level 10 of the Dungeon.
             The game lasted 00:29:54 (15521 turns).

ketsa the Severer (Minotaur Berserker)             Turns: 15521, Time: 00:29:54

Health: -11/99     AC: 17    Str: 25    XL:     11   Next: 28%
Magic:  19/19      EV:  7    Int:  4    God:    Trog [***...]
Gold:   496        SH:  7    Dex: 11    Spells: 10/10 levels left

rFire   . . .      SeeInvis .   A - +3 hand axe (freeze)
rCold   . . .      Faith    .   P - +1 kite shield {rN+}
rNeg    + . .      Spirit   .   c - +0 chain mail
rPois   .          Reflect  .   (helmet restricted)
rElec   .          Harm     .   b - +2 cloak
rCorr   .          Rampage  .   (no gloves)
Will    .....                   z - +0 pair of boots {Stlth+}
Stlth   ..........              (no amulet)
HPRegen 0.26/turn               m - ring of magical power
MPRegen 0.16/turn               (no ring)

@: on berserk cooldown, slowed, very slow
A: horns 2, retaliatory headbutt
a: Renounce Religion, Berserk, Trog's Hand


You were on level 10 of the Dungeon.
You worshipped Trog.
Trog was most pleased with you.
You visited 2 branches of the dungeon, and saw 12 of its levels.

You collected 496 gold pieces.

Inventory:

Hand Weapons
 a - a +0 hand axe
 j - a +0 hand axe
 y - a +0 battleaxe
 A - a +3 hand axe of freezing (weapon)
 F - a +0 shortbow of freezing
 G - a +3 sling
 I - a +2 war axe
Missiles
 f - 20 poisoned darts (quivered)
Armour
 b - a +2 cloak (worn)
 c - a +0 chain mail (worn)
 i - the +1 pair of boots "Zaupp" {rN++ Regen+ rCorr Slay-6}
   (You found it on level 2 of the Dungeon)

   Slay:      It affects your accuracy & damage with ranged weapons and melee
   (-6).
   rN:        It greatly protects you from negative energy.
   Regen:     It increases your rate of health regeneration.
   rCorr:     It protects you from acid and corrosion.
 t - a +0 chain mail
 u - a +0 plate armour
 z - a +0 pair of boots of stealth (worn)
 K - a +0 scale mail
 P - a +1 kite shield of positive energy (worn)
Jewellery
 m - a ring of magical power (left hand)
 p - a +6 ring of intelligence
Wands
 d - a wand of flame (57)
 r - a wand of iceblast (9)
 O - a wand of light (3)
 R - a wand of mindburst (6)
Scrolls
 g - a scroll of blinking
 k - 6 scrolls of teleportation
 l - a scroll of torment {unknown}
 n - a scroll of poison
 o - a scroll of magic mapping {unknown}
 q - 2 scrolls of immolation {unknown}
 v - a scroll of noise {unknown}
 C - 3 scrolls of identify
 H - 4 scrolls of enchant armour
 M - 3 scrolls of vulnerability
 N - a scroll of summoning {unknown}
 Q - a scroll of fear {unknown}
Potions
 e - 4 potions of mutation
 h - a potion of berserk rage
 s - 2 potions of curing
 w - 2 potions of lignification
 x - 5 potions of cancellation
 B - 3 potions of haste
 D - a potion of degeneration
 E - a potion of might
 J - a potion of attraction
 L - a potion of ambrosia


   Skills:
 + Level 9.9 Fighting
 * Level 15.8 Axes
 + Level 11.3 Armour
 - Level 2.1 Dodging


You had 10 spell levels left.
You didn't know any spells.
Your spell library contained the following spells:

 Spells                   Type           Power      Damage    Failure   Level
 Summon Small Mammal      Summ           0%         N/A       100%        1
 Ensorcelled Hibernation  Hex/Ice        0%         N/A       100%        2
 Passwall                 Tmut/Erth      0%         N/A       100%        2
 Static Discharge         Conj/Air       0%         3-3/arc   100%        2
 Sublimation of Blood     Necr           0%         N/A       100%        2
 Call Canine Familiar     Summ           0%         N/A       100%        3
 Gell's Gravitas          Tloc           0%         N/A       100%        3
 Lesser Beckoning         Tloc           0%         N/A       100%        3
 Summon Guardian Golem    Hex/Summ       0%         N/A       100%        3
 Swiftness                Air            0%         N/A       100%        3
 Teleport Other           Tloc           0%         N/A       100%        3
 Dispel Undead            Necr           0%         3d6       100%        4
 Petrify                  Tmut/Erth      0%         N/A       100%        4
 Sticky Flame             Conj/Fire      0%         2d3       100%        4
 Fireball                 Conj/Fire      0%         3d3       100%        5
 Irradiate                Conj/Tmut      0%         3d11      100%        5
 Iskenderun's Battlesphe  Conj           0%         2d6       100%        5
 Conjure Ball Lightning   Conj/Air       0%         3x3d6     100%        6
 Orb of Destruction       Conj           0%         9d5       100%        7


Dungeon Overview and Level Annotations

Branches:
Dungeon (11/15)            Temple (1/1) D:4
   Lair: D:8-11         Orc: D:9-12

Altars:
Cheibriados
Dithmenos
Elyvilon
Fedhas
Gozag
Hepliaklqana
Kikubaaqudgha
Makhleb
Nemelex Xobeh
Okawaru
Qazlal
Ru
Sif Muna
Trog
Uskayaw
Vehumet
Wu Jian
Xom
Yredelemnul
Zin
The Shining One

Shops:
D:2 :   D:8 *

Annotations:
D:5 2 transporters, AbrileMaio's ghost, weakling SpDe
D:8 exclusion: door
D:11 Erolcha


Innate Abilities, Weirdness & Mutations

You have a pair of horns on your head.
You reflexively headbutt those who attack you in melee.


Message History

Lodul barely misses you.
You hit Lodul. You freeze Lodul.
Lodul is almost dead.
Lodul hits you with a +2 dire flail of protection!
You hit Lodul. You freeze Lodul. You headbutt Lodul!
Lodul is almost dead.
You block Lodul's attack.
You hit Lodul. You freeze Lodul.
You kill Lodul!
Trog accepts your kill.
You hit the ogre. You freeze the ogre.
The ogre is moderately wounded.
You block the ogre's attack.
You hit the ogre. You freeze the ogre.
The ogre is heavily wounded.
The ogre hits you with a +0 giant club!
* * * LOW HITPOINT WARNING * * *
You slash the ogre! You freeze the ogre.
The ogre is almost dead.
The ogre hits you with a +0 giant club!
* * * LOW HITPOINT WARNING * * *
You slash the ogre! You freeze the ogre.
You kill the ogre!
Trog accepts your kill.
You slash the ogre! You freeze the ogre.
The ogre is severely wounded.
The ogre hits you but does no damage.
You barely miss the ogre. You headbutt the ogre.
The ogre is severely wounded.
The ogre hits you with a +0 giant spiked club!
* * * LOW HITPOINT WARNING * * *
You hit the ogre but do no damage.
The ogre is severely wounded.
You barely miss the ogre.
The ogre is severely wounded.
You block the ogre's attack.
You hit the ogre. You freeze the ogre.
The ogre is almost dead.
The ogre hits you with a +0 giant spiked club!!
You die...

################### ##
.................. ...
...............<# ..#
..........# #...# ...#
..........###.))##....#
...............)@OO...#
..............#####...#
..............# ...
..............# .
..............#
..............#
.........####.#
.....#.... ..#


You could see 2 ogres.

Vanquished Creatures
  A tengu warrior (D:9)
  3 skeletal warriors
  Lodul (D:10)
  Pikel (D:4)
  Psyche (D:8)
  A troll (D:10)
  Sigmund (D:4)
  11 yaks
  A wyvern (D:7)
  Eustachio (D:4)
  Menkaure (D:7)
  3 sky beasts
  An ice beast (D:6)
  2 orc warriors
  3 black bears
  7 ogres (D:10)
  3 centaurs
  A phantom (D:6)
  A kobold brigand (D:7)
  A bullfrog (D:8)
  A gnoll sergeant (D:9)
  3 scorpions
  2 necrophages (D:5)
  12 wights
  5 killer bees (D:9)
  4 howler monkeys
  A jelly (D:5)
  5 orc priests
  4 iguanas
  7 orc wizards
  5 gnolls
  9 adders
  A shadow imp (D:6)
  A white imp (D:5)
  3 worms
  A dart slug (D:5)
  56 orcs
  7 ball pythons
  6 endoplasms
  7 giant cockroaches
  6 goblins
  9 hobgoblins
  6 quokkas
  5 bats
  2 frilled lizards
  12 kobolds
  6 rats
231 creatures vanquished.

Vanquished Creatures (collateral kills)
  A steam dragon (D:8)
1 creature vanquished.

Vanquished Creatures (others)
  An orc (D:8)
  8 fungi (D:4)
  11 plants
20 creatures vanquished.

Grand Total: 252 creatures vanquished

Notes
Turn   | Place    | Note
-------+----------+-------------------------------------------
     0 | D:1      | ketsa the Minotaur Berserker began the quest for the Orb.
     0 | D:1      | Reached XP level 1. HP: 19/19 MP: 0/0
   197 | D:1      | Reached skill level 4 in Axes
   274 | D:1      | Reached XP level 2. HP: 14/26 MP: 1/1
  1137 | D:2      | Reached XP level 3. HP: 27/31 MP: 2/2
  1268 | D:2      | Reached ** piety under Trog
  1303 | D:2      | Identified the +1 pair of boots "Zaupp" {rN++ Regen+ rCorr
                  | Slay-6}
  1326 | D:2      | Found a faded altar of an unknown god.
  1392 | D:2      | Found Cuhucem's Book Boutique.
  1624 | D:2      | Reached skill level 5 in Axes
  2438 | D:3      | Reached XP level 4. HP: 13/39 MP: 3/3
  3404 | D:4      | Noticed a lemure
  3485 | D:4      | Found a staircase to the Ecumenical Temple.
  3806 | D:4      | Reached skill level 6 in Axes
  3806 | D:4      | Reached XP level 5. HP: 40/45 MP: 4/4
  3870 | D:4      | Noticed a lemure
  4116 | D:4      | Noticed Eustachio
  4125 | D:4      | Killed Eustachio
  4126 | D:4      | Reached skill level 7 in Axes
  4126 | D:4      | Reached XP level 6. HP: 51/51 MP: 5/5
  4214 | D:5      | Entered Level 5 of the Dungeon
  4382 | D:4      | Found a blossoming altar of Fedhas.
  4401 | D:4      | Noticed Sigmund
  4402 | D:4      | Reached skill level 5 in Armour
  4906 | D:4      | Killed Sigmund
  4907 | D:4      | Reached skill level 8 in Axes
  4907 | D:4      | Reached XP level 7. HP: 57/57 MP: 6/6
  5021 | D:4      | Noticed Pikel
  5452 | D:4      | Killed Pikel
  5453 | D:4      | Reached skill level 9 in Axes
  5645 | Temple   | Entered the Ecumenical Temple
  6070 | D:5      | Reached XP level 8. HP: 64/64 MP: 7/7
  6207 | D:5      | Reached skill level 10 in Axes
  6467 | D:5      | Found a transporter.
  6470 | D:5      | Noticed AbrileMaio's ghost (weakling SpDe)
  6471 | D:5      | Found a transporter.
  7830 | D:6      | Reached skill level 5 in Fighting
  7975 | D:6      | Found a radiant altar of Vehumet.
  7992 | D:6      | Reached skill level 11 in Axes
  8757 | D:6      | Reached XP level 9. HP: 74/74 MP: 8/8
  8872 | D:6      | Noticed a skeletal warrior
  8929 | D:6      | Killed a skeletal warrior
  8930 | D:6      | Reached skill level 12 in Axes
  9271 | D:6      | Noticed a skeletal warrior
  9295 | D:6      | Killed a skeletal warrior
 10044 | D:6      | Noticed a skeletal warrior
 10046 | D:6      | Noticed a skeletal warrior
 10085 | D:5      | Killed a skeletal warrior
 10086 | D:5      | Reached skill level 13 in Axes
 10416 | D:7      | Reached XP level 10. HP: 78/86 MP: 9/9
 10485 | D:7      | Noticed Menkaure
 10497 | D:7      | Killed Menkaure
 11193 | D:7      | Reached *** piety under Trog
 11865 | D:7      | Found a hide-covered altar of Uskayaw.
 11940 | D:8      | Found Cabi's General Store.
 11991 | D:8      | Noticed Psyche
 11997 | D:8      | Killed Psyche
 11998 | D:8      | Reached skill level 14 in Axes
 11998 | D:8      | Reached skill level 10 in Armour
 13301 | D:8      | Reached **** piety under Trog
 13982 | D:8      | Found a shimmering blue altar of Sif Muna.
 14246 | D:9      | Reached skill level 15 in Axes
 14514 | D:9      | Reached XP level 11. HP: 97/97 MP: 10/10
 14528 | D:9      | Noticed a tengu warrior
 14569 | D:9      | Killed a tengu warrior
 15007 | D:9      | Identified the +7 quarterstaff "Rovu Eto" {freeze, rCorr}
 15307 | D:10     | Entered Level 10 of the Dungeon
 15472 | D:11     | Noticed Erolcha
 15492 | D:10     | Noticed Lodul
 15512 | D:10     | Killed Lodul
 15521 | D:10     | Mangled by an ogre

Illustrated notes

Levels and vault maps discovered:
D:1:      amcnicky_arrival_single_pillar, layout_rooms
D:2:      layout_basic, serial_glass, glass_columns_b, glass_columns_a,
          shapermc_ecumenical_altar_petra, serial_shops, shop
D:3:      layout_basic
D:4:      layout_gridville, fedhas_altar_3, minmay_temple_entry_mini_moons,
          minmay_misc_feat_secret_circle, minmay_misc_feat_square, uniq_sigmund,
          uniq_pikel, uniq_eustachio
D:5:      layout_basic, gammafunk_ghost_mausoleum
D:6:      corexii_shack_village, layout_basic, vehumet_altar_wand_db
D:7:      layout_loops_ring, nicolae_uskayaw_dance_studio, uniq_menkaure
D:8:      layout_rooms, led_sif_book, serial_shops, shop, special_room
          [special_room_orc], uniq_psyche
D:9:      layout_rooms, serial_bayou_pond_a, kennysheep_just_a_vault
D:10:     layout_stronghold, mainiacjoe_overflow_surrounded_room,
          dpeg_oklobed_lair, uniq_lodul
D:11:     layout_rooms, kennysheep_orc_monster_closet_entryway, serial_glass,
          glass_columns_b, glass_columns_b, glass_columns_a,
          due_unseen_surprise, feat_on_display, item_on_display_a,
          feat_on_display, gauntlet_entry_generic, serial_shops,
          nicolae_shop_statue_plus, hangedman_decor_push, nicolae_blasting_shop,
          minivault_7, uniq_erolcha
Temple:   nicolae_temple_bog_church

Skill      XL: |  1  2  3  4  5  6  7  8  9 10 11 |
---------------+----------------------------------+-----
Axes           | 4 5 6 7 8 9 11 13 15 | 15.8
Armour         | 3 4 5 6 8 9 10 11 | 11.3
Fighting       | 5 7 9 |  9.9
Dodging        | |  2.1

Action                   |  1- 3 |  4- 6 |  7- 9 | 10-12 || total
-------------------------+-------+-------+-------+-------++-------
Melee: Hand axe          |   102 |    54 |   184 |   264 ||   604
       Headbutt          |    14 |    10 |    30 |    50 ||   104
       Punch             |     1 |       |       |     1 ||     2
Throw: Dart              |       |     6 |     1 |       ||     7
Invok: Berserk           |     1 |     6 |     9 |     8 ||    24
       Brothers in Arms  |       |       |       |     2 ||     2
       Trog's Hand       |       |       |       |     1 ||     1
Evoke: Wand              |       |       |    10 |       ||    10
  Use: Potion            |       |     3 |     1 |     1 ||     5
       Scroll            |       |       |     6 |     7 ||    13
 Stab: Distracted        |       |       |       |     1 ||     1
Armor: Animal skin       |    21 |     6 |     1 |       ||    28
       Chain mail        |       |       |    68 |   118 ||   186
Dodge: Dodged            |    62 |    35 |    61 |    81 ||   239
Block: Kite shield       |       |       |       |    11 ||    11
